 Dungeon Crawl Stone Soup version 0.19.0 (webtiles) character file.

1796 Danakh the Cleaver (level 8, -12/63 HPs)
             Began as a Minotaur Fighter on Nov 5, 2016.
             Was an Initiate of Ru.
             Mangled by Gastronok (32 damage)
             ... on level 8 of the Dungeon.
             The game lasted 00:14:16 (5025 turns).

Danakh the Cleaver (Minotaur Fighter)               Turns: 5025, Time: 00:14:17

Health: -12/63     AC: 10    Str: 24    XL:     8   Next: 83%
Magic:  7/7        EV:  9    Int:  3    God:    Ru [......]
Gold:   590        SH: 10    Dex: 11    Spells: 0 memorised, 7 levels left

rFire  x . .     SeeInvis +     a - +0 war axe
rCold  . . .     Gourm    .     b - +0 scale mail
rNeg   . . .     Faith    .     c - +0 shield
rPois  .         Spirit   .     (helmet restricted)
rElec  .         Reflect  .     C - +0 cloak
rCorr  .         Harm     .     (no gloves)
MR     ++...                    (no boots)
Stlth  ..........               s - amulet of magic regeneration (curse)
                                K - ring of Iddugg {+Fly rF- MR++}
                                g - ring of see invisible

@: no status effects
A: retaliatory headbutt, horns 2, icy blue scales 1, agile 1, dopey 1, frail 1
a: Renounce Religion, Evoke Flight


You were on level 8 of the Dungeon.
You worshipped Ru.
Ru was noncommittal.
You were not hungry.

You visited 2 branches of the dungeon, and saw 8 of its levels.
You also visited: Ossuary.

You collected 590 gold pieces.

Inventory:

Hand Weapons
 a - a +0 war axe (weapon)
Armour
 b - a +0 scale mail (worn)
 c - a +0 shield (worn)
 C - a +0 cloak (worn)
Jewellery
 g - a ring of see invisible (left hand)
 s - a cursed amulet of magic regeneration (around neck)
 x - a +5 amulet of reflection {unknown}
 F - an uncursed ring of protection from fire
 K - the ring of Iddugg (right hand) {+Fly rF- MR++}
   (You found it on level 5 of the Dungeon)

   [ring of flight]

   It makes you vulnerable to fire.
   It affects your resistance to hostile enchantments.
   It lets you fly.
 M - an uncursed amulet of harm {unknown}
Wands
 B - a wand of lightning (10/15)
 P - a wand of disintegration (6/24)
Scrolls
 e - a scroll of immolation {unknown}
 h - a scroll of enchant weapon {unknown}
 j - a scroll of remove curse {unknown}
 k - 5 scrolls of identify {unknown}
 l - a scroll of noise {unknown}
 t - a scroll of enchant armour {unknown}
 w - 3 scrolls of teleportation {unknown}
 y - 2 scrolls of amnesia {unknown}
 z - 2 scrolls of random uselessness {unknown}
 G - a scroll of blinking {unknown}
 J - a scroll of recharging {unknown}
 N - a scroll of fear {unknown}
Potions
 d - 3 potions of might
 m - a potion of agility {unknown}
 p - a potion of heal wounds {unknown}
 r - a potion of berserk rage {unknown}
 u - a potion of brilliance {unknown}
 v - 2 potions of curing {unknown}
 A - a potion of resistance
 D - a potion of cure mutation {unknown}
 E - a potion of invisibility {unknown}
 H - a potion of lignification {unknown}
 L - a potion of magic {unknown}
 O - 2 potions of haste {unknown}
Books
 I - a book of Cantrips

   Spells                             Type                      Level
   a - Confusing Touch                Hexes                        1
   b - Animate Skeleton               Necromancy                   1
   c - Summon Small Mammal            Summoning                    1
   d - Apportation                    Translocation                1
Comestibles
 f - 4 bread rations
 i - 3 slices of pizza
 n - 4 fruits
 o - 3 meat rations
 q - a beef jerky
 Q - a chunk of flesh


   Skills:
 + Level 5.8 Fighting
 * Level 10.8 Axes
 + Level 5.7 Armour
 + Level 2.7 Dodging
 + Level 5.8 Shields


You had 7 spell levels left.
You didn't know any spells.

Dungeon Overview and Level Annotations

Branches:
Dungeon (6/15)             Temple (1/1) D:5

Altars:
Ashenzari
Cheibriados
Dithmenos
Fedhas
Hepliaklqana
Kikubaaqudgha
Makhleb
Okawaru
Qazlal
Ru
Sif Muna
Trog
Uskayaw
Yredelemnul
Zin
The Shining One

Shops:
D:4 %

Annotations:
D:8 Gastronok


Innate Abilities, Weirdness & Mutations

You reflexively headbutt those who attack you in melee.
You have a pair of horns on your head.
You are partially covered in icy blue scales. (AC +2)
You are agile. (Dex +2)
You are dopey. (Int -2)
You are frail. (-10% HP)


Message History

Gastronok is heavily wounded.
You slash Gastronok!
Gastronok is heavily wounded.
Gastronok's eyestalks quiver as he mumbles some strange words.
Your shield prevents you from hitting Gastronok.
Gastronok is heavily wounded.
You barely miss the bat. You block the bat's attack.
You hit Gastronok.
Gastronok is heavily wounded.
Gastronok bites you! The bat barely misses you.
You completely miss Gastronok. You headbutt Gastronok!
Gastronok is severely wounded.
You slash the bat!
You kill the bat!
The bat's corpse disappears in a puff of smoke!
You hit Gastronok.
Gastronok is severely wounded.
Gastronok bites you!!
Ouch! That really hurt!
You die...

#. #.#.# #.# .
#.#.# #.# .
#.#.#####.# #.
#.....##..#
#.###
#.###.##.##
...#
#.###.##.#
#.###.##.#.#.#
#.......###..#
#@####.#.#.###
#..rw.#
#.##.##
###.### #.##.#
#. #.##.# #
#.##.# ...#.#
.#...# . .###
## ##


You could see Gastronok and a rat.

Vanquished Creatures
  Pikel (D:5)
  An orc warrior (D:6)
  A sky beast (D:6)
  A slave (D:5)
  3 ogres
  The ghost of deskach the Magician, an amateur DsWz (D:3)
  A scorpion (D:4)
  3 wights (D:6)
  3 crimson imps
  A bullfrog skeleton (D:6)
  A jelly (D:6)
  An orc priest (D:6)
  4 orc wizards
  2 worker ants
  Ijyb (D:3)
  2 big kobold zombies (Ossuary)
  2 mummies (Ossuary)
  6 adders
  3 gnolls (D:5)
  4 worms
  2 dart slugs (D:3)
  5 leopard geckos
  19 orcs
  3 ball pythons
  A giant cockroach (D:2)
  4 goblins
  9 hobgoblins
  6 jackals
  4 kobolds
  A quokka (D:5)
  3 bats
  4 frilled lizards
  3 gnoll zombies (Ossuary)
  4 goblin zombies (Ossuary)
  3 hobgoblin zombies (Ossuary)
  A leopard gecko zombie (D:5)
  2 orc zombies (Ossuary)
  A quokka skeleton (D:5)
  9 rats
126 creatures vanquished.

Notes
Turn   | Place    | Note
-------+----------+-------------------------------------------
     0 | D:1      | Danakh the Minotaur Fighter began the quest for the Orb.
     0 | D:1      | Reached XP level 1. HP: 19/19 MP: 0/0
   187 | D:1      | Reached XP level 2. HP: 27/27 MP: 1/1
   822 | D:2      | Found a bloodstained altar of Trog.
   915 | D:2      | Reached XP level 3. HP: 33/33 MP: 2/2
  1212 | D:3      | Reached skill level 3 in Axes
  1352 | D:3      | Found a hide-covered altar of Uskayaw.
  1366 | D:3      | Reached XP level 4. HP: 7/41 MP: 3/3
  1679 | D:3      | Noticed deskach's ghost (amateur DsWz)
  1700 | D:3      | Killed deskach's ghost
  1700 | D:3      | Reached skill level 4 in Axes
  1700 | D:3      | Reached XP level 5. HP: 20/47 MP: 4/4
  1702 | D:3      | Reached skill level 1 in Dodging
  2026 | D:3      | Noticed Ijyb
  2040 | D:3      | Killed Ijyb
  2084 | D:3      | Found a shadowy altar of Dithmenos.
  2092 | D:3      | Reached skill level 5 in Axes
  2308 | D:4      | Found Ceul's Food Boutique.
  2465 | D:4      | Reached XP level 6. HP: 49/53 MP: 5/5
  2536 | D:4      | Reached skill level 6 in Axes
  3506 | D:5      | Entered Level 5 of the Dungeon
  3719 | D:5      | Found a burning altar of Makhleb.
  3719 | D:5      | Found a glowing silver altar of Zin.
  3720 | D:5      | Noticed an angel
  3720 | D:5      | Noticed a green death
  3726 | D:5      | Found a sand-covered staircase.
  3727 | D:5      | Got a fine amber ring
  3728 | D:5      | Identified the ring of Iddugg {+Fly rF- MR++} (You found it on level 5 of the Dungeon)
  3743 | Ossuary  | Entered an ossuary
  3759 | Ossuary  | Reached skill level 5 in Armour
  3761 | Ossuary  | Reached skill level 5 in Shields
  3793 | Ossuary  | Reached XP level 7. HP: 58/60 MP: 6/6
  3918 | D:5      | Reached skill level 7 in Axes
  3978 | D:5      | Noticed Pikel
  3990 | D:5      | Reached skill level 5 in Fighting
  3990 | D:5      | Reached skill level 8 in Axes
  4081 | D:5      | Killed Pikel
  4081 | D:5      | Reached skill level 9 in Axes
  4081 | D:5      | Reached XP level 8. HP: 68/68 MP: 7/7
  4124 | D:5      | Found a staircase to the Ecumenical Temple.
  4395 | Temple   | Entered the Ecumenical Temple
  4539 | Temple   | Became a worshipper of Ru the Awakened
  4701 | D:6      | Reached skill level 10 in Axes
  4795 | D:6      | Gained mutation: You are frail. (-10% HP) [mutagenic meat]
  4796 | D:6      | Gained mutation: You are partially covered in icy blue scales. (AC +2) [mutagenic meat]
  4797 | D:6      | Gained mutation: You are agile. (Dex +2) [mutagenic meat]
  4798 | D:6      | Gained mutation: You are dopey. (Int -2) [mutagenic meat]
  4925 | D:6      | Found a snail-covered altar of Cheibriados.
  4935 | D:6      | Found an ancient bone altar of Kikubaaqudgha.
  4969 | D:6      | You fall through a shaft for 2 floors!
  5006 | D:8      | Noticed Gastronok
  5025 | D:8      | Mangled by Gastronok

Skill      XL: |  1  2  3  4  5  6  7  8 |
---------------+-------------------------+-----
Fighting       | 4 5 |  5.8
Armour         | 4 5 |  5.7
Shields        | 4 5 |  5.8
Axes           | 3 4 5 6 9 10 | 10.8
Dodging        | 1 2 |  2.7

Action                   |  1- 3 |  4- 6 |  7- 9 || total
-------------------------+-------+-------+-------++-------
Melee: War axe           |    84 |   187 |   122 ||   393
       Headbutt          |     8 |    26 |    33 ||    67
  Eat: Chunk             |     2 |     6 |     8 ||    16
       Beef jerky        |       |     1 |       ||     1
Armor: Scale mail        |    28 |    90 |    21 ||   139
Dodge: Dodged            |    25 |    59 |    39 ||   123
Block: Shield            |    40 |    99 |    46 ||   185
